 Dungeon Crawl Stone Soup version 0.28.0-53-g5a82cb258f (webtiles) character file.

Game seed: 17958259862813578765

68007 jurchenman the Protected (level 14, -10/130 HPs)
             Began as a Minotaur Fighter on Aug 20, 2022.
             Was the Champion of Okawaru.
             Killed from afar by Aizul (37 damage)
             ... with a bolt of poison
             ... on level 1 of the Shoals.
             The game lasted 02:07:18 (18815 turns).

jurchenman the Protected (Minotaur Fighter)        Turns: 18815, Time: 02:07:19

Health: -10/130    AC: 26    Str: 34    XL:     14   Next: 85%
Magic:  13/13      EV: 16    Int:  7    God:    Okawaru [******]
Gold:   1193       SH: 12    Dex: 11    Spells: 13/13 levels left

rFire   . . .      SeeInvis .   a - +12 falchion of Befegouj {elec, *Slow rC+ rN+ Int+2}
rCold   + . .      Faith    .   S - +0 kite shield
rNeg    + . .      Spirit   .   A - +6 chain mail "Fiam" {rElec}
rPois   .          Reflect  .   (helmet restricted)
rElec   +          Harm     .   c - +1 cloak
rCorr   .          Rampage  .   o - +2 pair of gloves {Str+3}
Will    +....                   j - +0 pair of boots
Stlth   ..........              M - amulet of regeneration
HPRegen 1.11/turn               F - +6 ring of strength
MPRegen 0.13/turn               s - +4 ring of evasion

@: lethally poisoned (-10 -> -20), studying Earth Magic
A: horns 2, retaliatory headbutt
a: Renounce Religion, Heroism, Finesse, Duel


You were on level 1 of the Shoals.
You worshipped Okawaru.
Okawaru was exalted by your worship.
You visited 4 branches of the dungeon, and saw 19 of its levels.

You collected 1193 gold pieces.

Inventory:

Hand Weapons
 a - the +12 falchion of Befegouj (weapon) {elec, *Slow rC+ rN+ Int+2}
   (You found it on level 8 of the Dungeon)

   It occasionally discharges a powerful burst of electricity upon striking a
   foe.
   Int:       It affects your intelligence (+2).
   rC:        It protects you from cold.
   rN:        It protects you from negative energy.
   *Slow:     It may slow you when you take damage.
 b - a +4 hunting sling of flaming
 e - the +8 trident of Joaqoif {vorpal, Will+}
   (You took it off a spriggan on level 6 of the Lair of Beasts)

   It inflicts extra damage upon your enemies.
   Will:      It increases your willpower.
 n - a +2 demon blade of pain
 q - a +4 scimitar of flaming
 t - a +0 triple sword of electrocution
 P - a +5 long sword
 U - the +10 dark maul {vorpal}
   (You took it off a centaur on level 11 of the Dungeon)

   It inflicts extra damage upon your enemies.
 W - a +1 double sword of holy wrath
 Z - a +5 vorpal falchion
Missiles
 i - 374 stones (quivered)
 G - 15 poisoned darts
 O - 2 curare-tipped darts
 T - 178 sling bullets
 V - 2 boomerangs
Armour
 c - a +1 cloak (worn)
 j - a +0 pair of boots (worn)
 o - a +2 pair of gloves of strength (worn)
 A - the +6 chain mail "Fiam" (worn) {rElec}
   (You found it on level 5 of the Lair of Beasts)

   rElec:     It insulates you from electricity.
 I - a +1 plate armour
 S - a +0 kite shield (worn)
Jewellery
 s - a +4 ring of evasion (right hand)
 u - a +4 ring of protection
 x - a ring of protection from cold
 F - a +6 ring of strength (left hand)
 J - a +6 ring of intelligence
 K - a ring of positive energy
 M - an amulet of regeneration (around neck)
 R - a ring of poison resistance
 X - a ring of protection from cold
Wands
 m - a wand of flame (38)
 p - a wand of iceblast (10)
 z - a wand of polymorph (11)
 Q - a wand of acid (10)
Scrolls
 k - a scroll of fog
 y - 10 scrolls of fear
 B - 4 scrolls of teleportation
 C - a scroll of silence
 Y - 2 scrolls of magic mapping
Potions
 d - 2 potions of magic
 f - a potion of haste
 g - a potion of berserk rage
 h - 7 potions of curing
 r - 2 potions of heal wounds
 w - 3 potions of resistance
 D - a potion of ambrosia {unknown}
 E - 3 potions of might
 L - 3 potions of brilliance {unknown}


   Skills:
 + Level 13.7 Fighting
 + Level 13.4 Long Blades
 + Level 11.6(11.8) Slings
 - Level 2.2(7.1) Throwing
 + Level 13.8 Armour
 + Level 11.7 Dodging
 + Level 13.6 Shields


You had 13 spell levels left.
You didn't know any spells.
Your spell library contained the following spells:

 Spells                   Type           Power      Damage    Failure   Level
 Apportation              Tloc           0%         N/A       95%         1
 Freeze                   Ice            0%         1d3       95%         1
 Pain                     Necr           0%         1d4       95%         1
 Sandblast                Erth           0%         2d4       95%         1
 Passwall                 Tmut/Erth      0%         N/A       98%         2
 Scorch                   Fire           0%         2d5       98%         2
 Portal Projectile        Hex/Tloc       0%         N/A       100%        3
 Stone Arrow              Conj/Erth      0%         3d7       100%        3
 Flame Wave               Conj/Fire      0%         2d4       100%        4
 Ice Form                 Ice/Tmut       0%         N/A       100%        4
 Leda's Liquefaction      Hex/Erth       0%         N/A       100%        4
 Agony                    Necr           0%         N/A       100%        5
 Alistair's Intoxication  Tmut/Pois      0%         N/A       100%        5
 Excruciating Wounds      Necr           0%         N/A       100%        5
 Iskenderun's Battlesphe  Conj           0%         2d6       100%        5
 Metabolic Englaciation   Hex/Ice        0%         N/A       100%        5
 Iron Shot                Conj/Erth      0%         9d1       100%        6
 Borgnjor's Revivificati  Necr           0%         N/A       100%        8
 Necromutation            Tmut/Necr      0%         N/A       100%        8
 Death's Door             Necr           0%         N/A       100%        9
 Animate Skeleton         Necr           Unusable   N/A       N/A         1
 Summon Small Mammal      Summ           Unusable   N/A       N/A         1
 Call Canine Familiar     Summ           Unusable   N/A       N/A         3
 Summon Cactus Giant      Summ           Unusable   N/A       N/A         6
 Malign Gateway           Summ/Tloc      Unusable   N/A       N/A         7
 Spellforged Servitor     Conj/Summ      Unusable   N/A       N/A         7
 Summon Horrible Things   Summ           Unusable   N/A       N/A         8

Dungeon Overview and Level Annotations

Branches:
Dungeon (11/15)            Temple (1/1) D:4            Lair (6/6) D:11
 Shoals (1/4) Lair:2       Spider (0/4) Lair:4        Slime (0/5) Lair:6
    Orc: D:9-12

Altars:
Ashenzari
Cheibriados
Dithmenos
Elyvilon
Fedhas
Gozag
Hepliaklqana
Kikubaaqudgha
Makhleb
Nemelex Xobeh
Okawaru
Qazlal
Ru
Sif Muna
Trog
Uskayaw
Vehumet
Wu Jian
Xom
Yredelemnul
Zin
The Shining One
Lugonu

Shops:
D:5 !

Portals:
Bazaar: D:11

Annotations:
Lair:6 Buiveh's ghost, journeyman GrEE
Shoals:1 Aizul


Innate Abilities, Weirdness & Mutations

You have a pair of horns on your head.
You reflexively headbutt those who attack you in melee.


Message History

Aizul is moderately wounded.
Aizul barely misses you. You furiously retaliate!
You headbutt Aizul, but do no damage. You miss Aizul.
Aizul is moderately wounded.
Aizul hits you.
You closely miss Aizul. You headbutt Aizul.
Aizul is heavily wounded.
Aizul hits you but does no damage.
You barely miss Aizul.
Aizul is heavily wounded.
Aizul casts a spell at you. The poison arrow hits you!!!
You are poisoned.
* * * LOW HITPOINT WARNING * * *
You feel better. Aizul completely misses you. You furiously retaliate!
You headbutt Aizul!! Aizul hits you but does no damage.
You feel much better. Aizul casts a spell at you. The bolt of poison hits you!!
You are poisoned.
* * * LOW HITPOINT WARNING * * *
You feel better. Aizul hits you but does no damage. You block Aizul's attack.
You slash Aizul!
Aizul is severely wounded.
Aizul casts a spell at you.
You fall asleep.
Aizul coils herself and waves her upper body at you.
The bolt of poison hits you!
You are poisoned.
You wake up.
* * * LOW HITPOINT WARNING * * *
You block Aizul's attack.
You feel better. Aizul hits you but does no damage.
You hit Aizul. Your headbutt misses Aizul.
Aizul is severely wounded.
Aizul coils herself and waves her upper body at you.
The bolt of poison hits you!!!
You are poisoned.
You die...

≈≈≈≈≈≈≈..≈≈.....##.
≈≈≈≈≈≈...≈≈≈≈......
≈≈≈≈≈.≈≈≈≈..≈..# .
≈≈≈≈≈..≈≈..†...##..
≈≈≈≈≈≈...S..≈≈.....
≈≈≈≈≈.......≈≈.....
≈≈≈≈≈..)###....≈≈≈.
≈≈≈≈(.)..##......≈≈
≈≈≈≈≈).).@S......≈≈
≈≈≈≈≈≈.......#...≈≈
≈≈≈≈≈≈≈......#..≈≈≈
≈≈≈≈≈≈≈.........≈≈.
≈≈≈≈≈≈≈≈≈≈.........
≈≈≈≈≈≈≈≈≈P.....#...
≈≈≈≈≈≈≈≈≈≈........
..≈≈≈≈P≈.......


You could see Aizul.

Vanquished Creatures
  Gastronok (Lair:2)
  Nessos (Lair:4)
  3 boulder beetles
  5 hydras
  Erica (D:11)
  4 catoblepae
  An anaconda (Lair:5)
  A satyr (Shoals:1)
  5 two-headed ogres (D:11)
  12 death yaks (Lair:6)
  A sea snake (Shoals:1)
  An ugly thing (D:11)
  3 fauns (Shoals:1)
  2 manticores (Lair:6)
  2 oklob plants (D:11)
  23 elephants
  4 black mambas
  5 torpor snails
  12 cane toads
  2 gargoyles
  Maggie (Lair:2)
  3 rime drakes
  9 komodo dragons
  A kobold demonologist (D:9)
  A meliai (Lair:4)
  2 trolls
  Grinder (D:3)
  A wind drake (Shoals:1)
  3 hornets
  12 blink frogs
  A dream sheep (Lair:5)
  3 spriggans (Lair:6)
  Sigmund (D:6)
  A wraith (D:11)
  8 wyverns
  68 yaks
  11 basilisks
  A steam dragon (D:10)
  8 vampire mosquitoes (D:11)
  Edmund (D:4)
  An acid dragon (D:10)
  Duvessa (D:6)
  13 water moccasins
  2 orc warriors
  2 sky beasts
  2 black bears (D:6)
  An ice beast (D:6)
  2 ogres (D:5)
  3 wolves
  2 necrophages
  7 centaurs
  A phantom (D:4)
  8 bullfrogs
  4 kobold brigands (D:9)
  3 wyvern zombies
  2 gnoll sergeants
  A scorpion (D:6)
  Dowan (D:6)
  4 killer bees (Lair:4)
  12 wights
  A howler monkey (D:6)
  2 bullfrog zombies (D:6)
  4 centaur zombies
  5 jellies
  5 hounds
  7 orc priests
  A centaur skeleton (D:2)
  Jessica (D:3)
  Ijyb (D:3)
  4 iguanas
  8 orc wizards
  7 hell rats (Lair:1)
  A hound skeleton (D:4)
  2 howler monkey zombies (D:9)
  7 gnolls
  5 adders
  A howler monkey skeleton (D:7)
  3 shadow imps
  A white imp (D:8)
  2 ufetubi (D:5)
  3 dart slugs
  20 orcs
  6 ball pythons
  7 endoplasms
  5 giant cockroaches
  3 goblins
  9 hobgoblins
  2 quokkas (D:1)
  3 bats
  11 kobolds
  4 rats
439 creatures vanquished.

Vanquished Creatures (others)
  A two-headed ogre (D:9)
  An orc warrior (D:9)
  24 fungi
  54 plants
80 creatures vanquished.

Grand Total: 519 creatures vanquished

Notes
Turn   | Place    | Note
-------+----------+-------------------------------------------
     0 | D:1      | jurchenman the Minotaur Fighter began the quest for the
                  | Orb.
     0 | D:1      | Reached XP level 1. HP: 19/19 MP: 0/0
   164 | D:1      | Reached XP level 2. HP: 27/27 MP: 1/1
   515 | D:1      | Found a faded altar of an unknown god.
   786 | D:2      | Reached XP level 3. HP: 32/33 MP: 2/2
  1119 | D:2      | Identified a scroll of acquirement
  1119 | D:2      | Acquired a +2 pair of gloves of strength
  1224 | D:3      | Reached XP level 4. HP: 40/40 MP: 3/3
  1239 | D:3      | Found a sparkling altar of Nemelex Xobeh.
  1315 | D:3      | Noticed Ijyb
  1333 | D:3      | Killed Ijyb
  1339 | D:3      | Found an ancient bone altar of Kikubaaqudgha.
  1504 | D:3      | Noticed Grinder
  1504 | D:3      | Paralysed by Grinder for 6 turns
  1522 | D:3      | Killed Grinder
  1523 | D:3      | Reached skill level 5 in Fighting
  1523 | D:3      | Reached skill level 1 in Throwing
  1523 | D:3      | Reached skill level 5 in Armour
  1523 | D:3      | Reached skill level 5 in Shields
  1523 | D:3      | Reached XP level 5. HP: 26/48 MP: 4/4
  1523 | D:3      | Reached XP level 6. HP: 31/56 MP: 5/5
  1770 | D:3      | Found a shimmering blue altar of Sif Muna.
  1775 | D:3      | Noticed Jessica
  1787 | D:3      | Killed Jessica
  1853 | D:3      | Found a blossoming altar of Fedhas.
  2498 | D:4      | Found a stormy altar of Qazlal.
  2545 | D:4      | Found a burning altar of Makhleb.
  2586 | D:4      | Reached skill level 1 in Dodging
  2586 | D:4      | Reached XP level 7. HP: 59/61 MP: 6/6
  2658 | D:4      | Found a staircase to the Ecumenical Temple.
  2665 | Temple   | Entered the Ecumenical Temple
  2825 | D:4      | Noticed Edmund
  2850 | D:4      | Killed Edmund
  2851 | D:4      | Reached skill level 1 in Slings
  3035 | D:5      | Entered Level 5 of the Dungeon
  3145 | D:5      | Reached skill level 5 in Long Blades
  3183 | D:5      | Found a hazy altar of Hepliaklqana.
  3379 | D:5      | Found a white marble altar of Elyvilon.
  3460 | D:5      | Found Ostridil's Distillery.
  3530 | D:5      | Reached XP level 8. HP: 54/70 MP: 7/7
  3924 | D:5      | Found an ornate altar of the Wu Jian Council.
  4564 | D:6      | Noticed Duvessa
  4565 | D:6      | Noticed Dowan
  4582 | D:6      | Killed Duvessa
  4620 | D:6      | Killed Dowan
  4897 | D:6      | Reached XP level 9. HP: 63/79 MP: 8/8
  4903 | D:6      | Noticed Sigmund
  4922 | D:6      | Killed Sigmund
  5003 | D:6      | Found a glowing golden altar of the Shining One.
  5043 | D:6      | Noticed a troll
  5052 | D:6      | Killed a troll
  5785 | D:7      | Found a snail-covered altar of Cheibriados.
  5819 | D:7      | Found an iron altar of Okawaru.
  5996 | D:7      | Became a worshipper of Warmaster Okawaru
  6009 | D:7      | Found a broken altar of Ashenzari.
  6711 | D:8      | Reached skill level 5 in Slings
  6711 | D:8      | Reached skill level 5 in Dodging
  6939 | D:8      | Reached * piety under Okawaru
  7346 | D:8      | Identified the +12 falchion of Befegouj {elec, *Slow rC+
                  | rN+ Int+2}
  7469 | D:9      | Noticed a two-headed ogre
  7470 | D:9      | Found a shimmering altar of Xom.
  7620 | D:9      | Killed a two-headed ogre
  7621 | D:9      | Reached XP level 10. HP: 88/88 MP: 9/9
  7758 | D:9      | Found a sacrificial altar of Ru.
  7964 | D:9      | Reached ** piety under Okawaru
  8654 | D:10     | Entered Level 10 of the Dungeon
  8985 | D:10     | Noticed a gargoyle
  8997 | D:10     | Killed a gargoyle
  9268 | D:11     | Noticed a two-headed ogre
  9285 | D:11     | Killed a two-headed ogre
  9285 | D:11     | Reached *** piety under Okawaru
  9291 | D:11     | Noticed a two-headed ogre
  9292 | D:11     | Noticed a catoblepas
  9292 | D:11     | Noticed a boulder beetle
  9330 | D:11     | Killed a catoblepas
  9336 | D:11     | Killed a two-headed ogre
  9336 | D:11     | Reached **** piety under Okawaru
  9337 | D:11     | Reached XP level 11. HP: 58/97 MP: 10/10
  9363 | D:11     | Killed a boulder beetle
  9363 | D:11     | Received a gift from Okawaru
  9409 | D:11     | Noticed a two-headed ogre
  9416 | D:11     | Killed a two-headed ogre
  9611 | D:11     | Found a gateway to a bazaar.
  9619 | D:11     | Noticed Erica
  9643 | D:11     | Killed Erica
  9643 | D:11     | Reached ***** piety under Okawaru
  9768 | D:11     | Noticed a two-headed ogre
  9771 | D:11     | Noticed a green ugly thing
  9777 | D:11     | Killed a two-headed ogre
  9778 | D:11     | Reached skill level 10 in Armour
  9780 | D:11     | Noticed a two-headed ogre
  9793 | D:11     | Killed a two-headed ogre
  9793 | D:11     | Received a gift from Okawaru
  9794 | D:11     | Reached skill level 10 in Fighting
  9796 | D:11     | Killed a green ugly thing
  9797 | D:11     | Reached skill level 10 in Shields
  9982 | D:11     | Reached skill level 10 in Long Blades
 10149 | D:11     | Found a staircase to the Lair.
 10150 | D:11     | Noticed an oklob plant
 10150 | D:11     | Noticed an oklob plant
 10410 | D:11     | Killed an oklob plant
 10592 | D:11     | Killed an oklob plant
 10592 | D:11     | Received a gift from Okawaru
 10730 | Lair:1   | Entered Level 1 of the Lair of Beasts
 10823 | Lair:1   | Reached XP level 12. HP: 89/107 MP: 11/11
 11868 | Lair:2   | Reached ****** piety under Okawaru
 12008 | Lair:2   | Noticed Maggie
 12026 | Lair:2   | Killed Maggie
 12050 | Lair:2   | Found a staircase to the Shoals.
 12051 | Lair:2   | Noticed a four-headed hydra
 12066 | Lair:2   | Killed a one-headed hydra
 12066 | Lair:2   | Received a gift from Okawaru
 12481 | Lair:2   | Noticed Gastronok
 12506 | Lair:2   | Killed Gastronok
 12586 | Lair:2   | You fall into a shaft and drop 1 floor!
 13046 | Lair:3   | Identified the +1 robe of the Endless Expanse {rCorr Int+4
                  | Dex-3}
 13140 | Lair:3   | Received a gift from Okawaru
 13148 | Lair:3   | Reached XP level 13. HP: 116/117 MP: 12/12
 14026 | Lair:4   | Received a gift from Okawaru
 14173 | Lair:4   | Noticed Nessos
 14190 | Lair:4   | Killed Nessos
 14341 | Lair:4   | Found a hole to the Spider Nest.
 14628 | Lair:4   | Received a gift from Okawaru
 15221 | Lair:5   | Reached skill level 10 in Dodging
 15226 | Lair:5   | Reached skill level 10 in Slings
 15313 | Lair:5   | Received a gift from Okawaru
 15755 | Lair:5   | Identified the +0 helmet of Servitude {rC+}
 15858 | Lair:5   | Identified the +6 chain mail "Fiam" {rElec}
 16427 | Lair:5   | Received a gift from Okawaru
 16818 | Lair:6   | Entered Level 6 of the Lair of Beasts
 16854 | Lair:6   | Reached XP level 14. HP: 127/127 MP: 13/13
 17051 | Lair:6   | Found a runed translucent door.
 17052 | Lair:6   | Identified the +8 trident of Joaqoif {vorpal, Will+}
 17054 | Lair:6   | Noticed Buiveh's ghost (journeyman GrEE)
 17058 | Lair:6   | Received a gift from Okawaru
 17146 | Lair:6   | Received a gift from Okawaru
 17315 | Lair:6   | Found a staircase to the Slime Pits.
 17776 | Lair:6   | Identified the +1 pair of gloves of Gyfiahir {Will+}
                  | (Okawaru gifted it to you on level 6 of the Lair of Beasts)
 17776 | Lair:6   | Received a gift from Okawaru
 18497 | Lair:6   | Got Sif Muna's Handbook of Earthen Ice
 18727 | Shoals:1 | Entered Level 1 of the Shoals
 18787 | Shoals:1 | Noticed Aizul
 18808 | Shoals:1 | HP: 6/130 [Aizul/poison arrow (40)]
 18815 | Shoals:1 | Killed from afar by Aizul

Illustrated notes

Levels and vault maps discovered:
D:1:      minmay_arrival_hallway, layout_rooms,
          chequers_ecumenical_altar_simple, minmay_vboxes
D:2:      layout_basic, minmay_misc_feat_diagonals, minmay_misc_feat_room,
          minmay_pentomino_s2
D:3:      layout_loops_ring, mainiacjoe_overflow_brackets,
          mainiacjoe_overflow_surrounded_room, kiku_gazebo_pond_becter,
          nicolae_sif_muna_condensation, uniq_jessica, uniq_ijyb, uniq_grinder
D:4:      layout_basic, mainiacjoe_overflow_six_doors_small,
          nicolae_qazlal_general_emergency, minmay_temple_entry_ruins,
          hangedman_decor_push, uniq_edmund
D:5:      layout_basic, amcnicky_altar_gilded, lemuel_doored_altar,
          mainiacjoe_overflow_paths, serial_shops, shop,
          serial_co_window_serial, co_window_corner_a, co_window_corner_a,
          co_window_paths_a, co_window_of_opportunity_a, co_window_paths_a,
          co_window_corner_b, co_window_unsneaky_path_a, co_window_corner_ca,
          co_window_2corner, glass_columns_c, glass_columns_a,
          minmay_misc_feat_four_crosses, guppyfry_early_lair_pool
D:6:      minmay_skewed_foursquare, layout_loops_ring,
          mainiacjoe_overflow_tiny_flanked, glass_columns_c, uniq_duvessa,
          uniq_sigmund
D:7:      layout_gridville, kennysheep_little_box, mainiacjoe_overflow_catwalk,
          ashenzari_conservatory_becter
D:8:      cheibrodos_iron_armory, layout_basic
D:9:      minmay_general_purpose_star, layout_basic, xom_confusion_cloud,
          kennysheep_mini_moat
D:10:     layout_loops_ring
D:11:     minmay_roctagon, layout_loops_ring, dpeg_oklobed_lair, serial_shops,
          bzr_entry_islet, uniq_erica
Temple:   corrupted_temple
Lair:1:   layout_roguey
Lair:2:   layout_small_grid, minmay_shoals_entry_centaurs,
          amcnicky_mini_pool_medium, uniq_gastronok, uniq_maggie
Lair:3:   layout_layer_cave, st_stairs_10, grunt_megastairs_3
Lair:4:   layout_roguey, hellmonk_spider_entry_not_the_bees,
          nzn_sisyphean_effort, uniq_nessos
Lair:5:   nzn_winding_woodlands_large [nzn_winding_woodlands_5x5_closed_star,
          nzn_winding_woodlands_5x15_concentric,
          nzn_winding_woodlands_5x5_open_star,
          nzn_winding_woodlands_center_diamonds,
          nzn_winding_woodlands_15x15_thick_spiral,
          nzn_winding_woodlands_center_lodge, nzn_winding_woodlands_5x5_default,
          nzn_winding_woodlands_5x15_pool,
          nzn_winding_woodlands_5x5_checkerboard], layout_loops_ring,
          kennysheep_basilisk_garden
Lair:6:   evilmike_catoblepas_cave, layout_gridlike, minmay_slime_entry_pillars,
          ebering_ghost_funeral_grove, infiniplex_staircase_pool
Shoals:1: layout_shoals, serial_shops, nicolae_shop_waterfront, uniq_frances,
          uniq_aizul

Skill      XL: |  1  2  3  4  5  6  7  8  9 10 11 12 13 14 |
---------------+-------------------------------------------+-----
Fighting       | 4 5 6 7 8 9 10 11 12 13 | 13.7
Shields        | 4 5 6 7 8 9 10 11 12 13 | 13.6
Armour         | 4 5 6 7 8 9 10 11 12 13 | 13.8
Long Blades    | 3 4 5 6 7 9 10 11 12 13 | 13.4
Throwing       | 1 2 |  2.2
Dodging        | 1 2 3 5 6 8 9 10 11 | 11.7
Slings         | 2 3 5 6 8 9 10 11 | 11.6

Action                   |  1- 3 |  4- 6 |  7- 9 | 10-12 | 13-15 || total
-------------------------+-------+-------+-------+-------+-------++-------
Melee: Long sword        |     9 |       |    38 |       |       ||    47
       Short sword       |    57 |    71 |   264 |       |       ||   392
       Headbutt          |    13 |    12 |    50 |    92 |   166 ||   333
       Falchion          |       |       |       |   412 |   558 ||   970
       Scimitar          |       |       |       |     4 |    17 ||    21
 Fire: Hunting sling     |       |    11 |   139 |   116 |    82 ||   348
Throw: Stone             |    10 |    29 |     5 |     2 |     4 ||    50
       Dart              |       |       |       |    10 |     6 ||    16
Invok: Heroism           |       |       |       |       |     2 ||     2
  Use: Scroll            |    10 |     3 |     4 |     4 |     8 ||    29
       Potion            |       |     1 |     1 |     1 |     5 ||     8
Armor: Chain mail        |    24 |    20 |    81 |       |   193 ||   318
       Scale mail        |     1 |       |       |       |       ||     1
       Plate armour      |       |       |    10 |   154 |    72 ||   236
Dodge: Dodged            |    23 |    15 |   103 |   127 |   294 ||   562
Block: Buckler           |    10 |     7 |    55 |    37 |       ||   109
       Kite shield       |       |       |       |    98 |   301 ||   399
